 Dungeon Sprint DCSS version 0.23.2-1-ga50397a6bc (webtiles) character file.

Game seed: 3195765747815831397

492 Kobolds4U the Cleaver (level 6, -4/64 HPs)
             Began as a Minotaur Berserker on May 21, 2019.
             Was a High Priest of Trog.
             Slain by a freezing wraith (16 damage)
             ... in the Dungeon (Sprint VII: "The Pits").
             The game lasted 00:03:06 (700 turns).

Kobolds4U the Cleaver (Minotaur Berserker)           Turns: 700, Time: 00:03:07

Health: -4/64      AC: 15    Str: 22    XL:     6   Next: 91%
Magic:  5/5        EV:  8    Int:  4    God:    Trog [*****.]
Gold:   0          SH:  0    Dex: 11    Spells: 5/5 levels left

rFire    . . .     SeeInvis .   k - +2 hand axe (freeze)
rCold    . . .     Gourm    .   (no shield)
rNeg     . . .     Faith    .   m - +2 plate armour
rPois    .         Spirit   .   (helmet restricted)
rElec    .         Reflect  .   (no cloak)
rCorr    .         Harm     .   (no gloves)
MR       .....     NoTele   +   (no boots)
Stlth    ..........             (no amulet)
HPRegen  0.20/turn              (no ring)
MPRegen  0.09/turn              (no ring)

@: no status effects
A: retaliatory headbutt, horns 2
a: Berserk, Trog's Hand, Brothers in Arms, Renounce Religion


You were in the Dungeon.
You worshipped Trog.
Trog was extremely pleased with you.
You were not hungry.

You visited 1 branch

Inventory:

Hand Weapons
 a - a +0 hand axe
 k - a +2 hand axe of freezing (weapon)
 l - a +0 mace of crushing
 o - a +6 shortbow
Armour
 b - a +0 animal skin
 m - a +2 plate armour (worn)
 n - a +3 scale mail
Scrolls
 i - a scroll of blinking
Potions
 d - 6 potions of curing
 e - 6 potions of heal wounds
 f - a potion of haste
 g - 2 potions of magic
 h - a potion of berserk rage
Comestibles
 c - a ration
 j - 6 chunks of flesh


   Skills:
 + Level 9.6 Fighting
 * Level 12.6 Axes
 + Level 8.4 Armour
 - Level 3.9 Dodging


You had 5 spell levels left.
You didn't know any spells.
Your spell library was empty.

Dungeon Overview and Level Annotations

Branches:
Dungeon (1/1)

Altars:


Innate Abilities, Weirdness & Mutations

You reflexively headbutt those who attack you in melee.
You have a pair of horns on your head.


Message History

You open the door.
A freezing wraith comes into view.
You hit the freezing wraith but do no damage.
The freezing wraith hits you! The freezing wraith freezes you!
The freezing wraith completely misses you.
You slash the freezing wraith!
The freezing wraith is moderately damaged.
You hit the freezing wraith.
You headbutt the freezing wraith, but do no damage.
The freezing wraith is moderately damaged.
The freezing wraith hits you. The freezing wraith freezes you!!
* * * LOW HITPOINT WARNING * * *
The freezing wraith barely misses you.
You closely miss the freezing wraith.
Your headbutt misses the freezing wraith.
The freezing wraith is moderately damaged.
The freezing wraith hits you.
* * * LOW HITPOINT WARNING * * *
The freezing wraith freezes you!
You die...

#.#........##.......#
#)###########.......#
#.)#.#.## #########
#.......# ##.#.#.##
#.......#+#
##.#.#.##.+
#.......#W#
##.#.#..@.#
##########


You could see a freezing wraith.

Vanquished Creatures
  A hungry ghost (D)
  A floating eye (D)
  3 wights (D)
  A quasit (D)
  A gnoll shaman (D)
  A worker ant (D)
  4 gnolls (D)
  2 adders (D)
  An ooze (D)
  A leopard gecko (D)
  A bat zombie (D)
  A giant cockroach (D)
  2 hobgoblins (D)
  A bat (D)
21 creatures vanquished.

Notes
Turn   | Place    | Note
-------+----------+-------------------------------------------
     0 | D        | Kobolds4U the Minotaur Berserker began the quest for the
                  | Orb.
     0 | D        | Reached XP level 1. HP: 19/19 MP: 0/0
    11 | D        | Reached skill level 4 in Axes
    22 | D        | Reached ** piety under Trog
   174 | D        | Reached skill level 5 in Axes
   174 | D        | Reached XP level 2. HP: 18/28 MP: 1/1
   281 | D        | Reached *** piety under Trog
   285 | D        | Reached skill level 5 in Fighting
   285 | D        | Reached skill level 6 in Axes
   285 | D        | Reached XP level 3. HP: 24/36 MP: 2/2
   473 | D        | Reached skill level 7 in Axes
   473 | D        | Reached XP level 4. HP: 44/44 MP: 3/3
   476 | D        | Reached **** piety under Trog
   476 | D        | Reached skill level 8 in Axes
   477 | D        | Noticed a hungry ghost
   477 | D        | Noticed a floating eye
   479 | D        | Reached skill level 9 in Axes
   479 | D        | Reached skill level 5 in Armour
   479 | D        | Reached XP level 5. HP: 52/52 MP: 4/4
   480 | D        | Paralysed by a floating eye for 4 turns
   486 | D        | Paralysed by a floating eye for 2 turns
   490 | D        | Killed a floating eye
   490 | D        | Reached skill level 11 in Axes
   490 | D        | Reached XP level 6. HP: 56/62 MP: 5/5
   493 | D        | Reached ***** piety under Trog
   503 | D        | Received a gift from Trog
   514 | D        | Killed a hungry ghost
   514 | D        | Reached skill level 12 in Axes
   696 | D        | Noticed a freezing wraith
   700 | D        | Slain by a freezing wraith

Skill      XL: |  1  2  3  4  5  6 |
---------------+-------------------+-----
Axes           | 5 6 7 9 11 12 | 12.6
Fighting       | 4 5 7 8 9 |  9.6
Dodging        | 3 |  3.9
Armour         | 3 5 6 8 |  8.4

Action                   |  1- 3 |  4- 6 || total
-------------------------+-------+-------++-------
Melee: Hand axe          |    23 |    51 ||    74
       Headbutt          |     4 |     9 ||    13
Invok: Berserk           |     1 |       ||     1
  Eat: Chunk             |       |     3 ||     3
Armor: Animal skin       |     7 |       ||     7
       Plate armour      |     2 |    44 ||    46
Dodge: Dodged            |    17 |    27 ||    44
